 Dungeon Crawl Stone Soup version 0.30.0-5-g1a98f26d00 (webtiles) character file.

Game seed: 6047763268010932880

70 Mickster the Chopper (level 4, -7/60 HPs)
             Began as a Hill Orc Berserker on May 10, 2023.
             Was a Follower of Trog.
             Killed from afar by a white imp (10 damage)
             ... with a puff of frost
             ... on level 3 of the Dungeon on May 11, 2023.
             The game lasted 00:18:36 (1748 turns).

Mickster the Chopper (Hill Orc Berserker)           Turns: 1748, Time: 00:18:36

Health: -7/60      AC:  7    Str: 21    XL:     4   Next: 21%
Magic:  4/4        EV: 11    Int:  7    God:    Trog [*.....]
Gold:   108        SH:  0    Dex: 10    Spells: 3/3 levels left

rFire   . . .        a - +0 hand axe
rCold   . . .        (no shield)
rNeg    . . .        g - +3 leather armour
rPois   .            (no helmet)
rElec   .            (no cloak)
rCorr   .            d - +0 pair of gloves
SInv    .            (no boots)
Will    .....        (no amulet) Stlth
                     (no ring)
HPRegen 0.30/turn    (no ring)
MPRegen 0.09/turn

%: no passive effects
@: berserking, very quick
A: no striking features
a: Renounce Religion, Berserk


You were on level 3 of the Dungeon.
You worshipped Trog.
Trog was aware of your devotion.
You visited 1 branch of the dungeon, and saw 3 of its levels.

You collected 108 gold pieces.

Inventory:

Hand Weapons
 a - a +0 hand axe (weapon)
Missiles
 i - 13 stones (quivered)
Armour
 d - a +0 pair of gloves (worn)
 g - a +3 leather armour (worn)
Scrolls
 f - a scroll of teleportation
Potions
 h - a potion of invisibility


   Skills:
 + Level 4.2 Fighting
 * Level 5.7 Axes
 + Level 2.3 Armour
 + Level 1.8 Dodging


You had 3 spell levels left.
You didn't know any spells.
Your spell library was empty.

Dungeon Overview and Level Annotations

Branches:
Dungeon (3/15)

Altars:
Elyvilon
Sif Muna

Annotations:
D:3 Robin


Message History

The white imp gestures at you. The puff of frost hits you!
The goblin hits you but does no damage.
A hobgoblin comes into view.
You barely miss the goblin.
The goblin is moderately wounded.
You hit the white imp. You hit the goblin. The goblin closely misses you.
The white imp gestures at you. The puff of frost hits you.
The goblin misses you.
You closely miss the goblin.
The goblin is moderately wounded.
You hit the goblin but do no damage. You barely miss the white imp.
The goblin hits you but does no damage. The white imp gestures at you.
The puff of frost hits you.
* * * LOW HITPOINT WARNING * * *
You barely miss the goblin. You hit the white imp but do no damage.
You hit the goblin.
You kill the goblin!
Trog accepts your kill.
You closely miss the goblin. The white imp hits you.
* * * LOW HITPOINT WARNING * * *
The white imp freezes you.
* * * LOW HITPOINT WARNING * * *
The goblin misses you.
The goblin hits you but does no damage. x2
The goblin closely misses you. The goblin hits you but does no damage.
The white imp hits you but does no damage.
As you read the scroll labelled FUWYRIKHLIAD, it crumbles to dust.
It is a scroll of identify.
You don't currently have any unidentified items.
Robin throws the goblin at you! The goblin misses you. The white imp hits you.
* * * LOW HITPOINT WARNING * * *
The white imp freezes you.
* * * LOW HITPOINT WARNING * * *
The goblin hits you but does no damage. x2
A red film seems to cover your vision as you go berserk!
You feel yourself moving faster!
You feel mighty! The goblin hits you but does no damage. The goblin misses you.
The white imp gestures at you. The puff of frost hits you!
You die...

.........##.#
............######.
...........:.......
.........#.########
## ##########.## ..
#..## .#
##.)######.#
##..#.g5S.##..
##..g@ggg...#
#.###gb..... #.#
#g..... #.# ......
#.# .(... #.# !....
..# .... ... ...(


You could see Robin, an adder, a white imp, a hobgoblin (strong), 5 goblins and
a bat.

Vanquished Creatures
  3 adders (D:2)
  2 dart slugs (D:1)
  An orc (D:3)
  3 endoplasms
  6 goblins
  6 hobgoblins
  3 jackals (D:3)
  3 quokkas
  A ball python (D:2)
  3 bats
  3 kobolds (D:1)
  A rat (D:2)
35 creatures vanquished.

Notes
Turn   | Place    | Note
-------+----------+-------------------------------------------
     0 | D:1      | Mickster the Hill Orc Berserker began the quest for the
                  | Orb.
     0 | D:1      | Reached XP level 1. HP: 19/19 MP: 1/1
   215 | D:1      | Reached XP level 2. HP: 26/27 MP: 2/2
   784 | D:2      | Reached XP level 3. HP: 14/33 MP: 3/3
  1018 | D:2      | Found a shimmering blue altar of Sif Muna.
  1101 | D:2      | Reached skill level 5 in Axes
  1607 | D:3      | Reached XP level 4. HP: 40/40 MP: 4/4
  1627 | D:3      | Found a white marble altar of Elyvilon.
  1738 | D:3      | Noticed Robin
  1747 | D:3      | HP: 2/40 [white imp (2)]
  1748 | D:3      | Killed from afar by a white imp

Illustrated notes

Levels and vault maps discovered:
D:1:      giann_forest_graveyard, layout_basic
D:2:      layout_loops_cross, basic_altar, fountainhead,
          kennysheep_cross_bottleneck, kennysheep_generic_room_2
D:3:      layout_rooms, general_overflow_altar, nicolae_elyvilon_temple_path,
          serial_park_tiny_pond, chequers_serial_rivers_small_3, uniq_natasha,
          uniq_robin

Skill      XL: |  1  2  3 |
---------------+----------+-----
Fighting       | 4 |  4.2
Axes           | 5 |  5.7
Armour         | |  2.3
Dodging        | |  1.8

Action                     |  1- 3 |  4- 6 || total
---------------------------+-------+-------++-------
  Melee: Hand axe          |   106 |    15 ||   121
         Punch             |     3 |       ||     3
  Throw: Dart              |       |     2 ||     2
 Invoke: Berserk           |     1 |     2 ||     3
    Use: Scroll            |     3 |     1 ||     4
         Potion            |     1 |       ||     1
 Armour: Leather armour    |    39 |    18 ||    57
  Dodge: Dodged            |    74 |    20 ||    94
